 Dungeon Crawl Stone Soup version 0.21-a0-70-g32e1473 (webtiles) character file.

542 Ordine the Carver (level 7, -8/41 HPs)
             Began as a Tengu Fighter on June 18, 2017.
             Was an Initiate of Gozag.
             Mangled by an ogre
             ... wielding a cursed -1 giant club
              (19 damage)
             ... on level 4 of the Dungeon.
             The game lasted 00:09:49 (3778 turns).

Ordine the Carver (Tengu Fighter)                   Turns: 3778, Time: 00:09:49

Health: -8/41      AC:  8    Str: 18    XL:     7   Next: 27%
Magic:  7/8        EV:  9    Int:  8    God:    Gozag
Gold:   404        SH: 10    Dex: 14    Spells: 6/6 levels left

rFire    . . .     SeeInvis .   a - +0 long sword
rCold    . . .     Gourm    .   c - +1 shield
rNeg     . . .     Faith    .   b - +0 scale mail
rPois    .         Spirit   .   t - +2 hat
rElec    .         Reflect  .   (no cloak)
rCorr    .         Harm     .   (no gloves)
MR       .....                  (boots unavailable)
Stlth    ..........             (no amulet)
HPRegen  0.13/turn              (no ring)
MPRegen  0.11/turn              (no ring)

@: flying quickly and evasively, quick
A: beak, talons 3, able to fly 1
a: Potion Petition, Call Merchant, Bribe Branch, Renounce Religion


You were on level 4 of the Dungeon.
You worshipped Gozag.
Gozag was aware of your devotion.
You were not hungry.

You visited 1 branch of the dungeon, and saw 4 of its levels.

You collected 453 gold pieces.
You paid 49 gold pieces to Gozag.

Inventory:

Hand Weapons
 a - a +0 long sword (weapon)
Armour
 b - a +0 scale mail (worn)
 c - a +1 shield (worn)
 t - a +2 hat (worn)
Jewellery
 s - an uncursed ring of ice
Scrolls
 d - 2 scrolls of amnesia
 e - a scroll of fear
 n - 2 scrolls of teleportation
 o - a scroll of magic mapping
 p - a scroll of remove curse
Potions
 g - a potion of flight
 h - a potion of brilliance
 i - 2 potions of resistance
 j - a potion of haste {unknown}
 k - 4 potions of curing {unknown}
 q - 2 potions of berserk rage
 r - a potion of invisibility {unknown}
Comestibles
 f - 2 bread rations
 l - 2 royal jellies
 m - 2 meat rations


   Skills:
 + Level 3.0 Fighting
 - Level 14.0 Long Blades
 + Level 3.4 Armour
 + Level 0.9 Dodging
 + Level 3.1 Shields


You had 6 spell levels left.
You didn't know any spells.

Dungeon Overview and Level Annotations

Branches:
Dungeon (4/15)
 Temple: D:4-7

Altars:
Gozag


Innate Abilities, Weirdness & Mutations

You have a beak for a mouth.
You have claws for feet.
You can fly.


Message History

The ogre barely misses you.
You riposte.
Your scale mail prevents you from hitting the ogre.
You claw the ogre. You peck the ogre.
The ogre is severely wounded.
You completely miss the ogre.
The ogre is severely wounded.
You block the ogre's attack.
You hit the ogre but do no damage. You peck the ogre.
The ogre is almost dead.
You block the ogre's attack.
You closely miss the ogre. Your kick misses the ogre.
The ogre is almost dead.
The ogre hits you with a giant club!
* * * LOW HITPOINT WARNING * * *
You are too injured to fight recklessly!
You hit the ogre. You claw the ogre, but do no damage.
The ogre is almost dead.
The ogre hits you with a giant club!!
You die...
Your body crumbles into a pile of gold.

########### #.........#
######### #.#######.#
........####.#######.#
.(...............#...##
...........#.....#.##.##
>..........####....#...#
........##.......#.....#
........#######.@#.....#
........# #....O#.#.###
........## #.###.#.#.#
.........# #.# #.#.#.#
.........###.# #.#...#
#.....#....#.# #.#####
#.####.#.# #.###.#
#.###....#.#...#.#
...........#####.#


You could see an ogre.

Vanquished Creatures
  An orc priest (D:3)
  Jessica (D:3)
  Natasha (D:2)
  5 worker ants (D:4)
  Robin (D:2)
  A howler monkey skeleton (D:4)
  6 adders
  A shadow imp (D:4)
  3 worms
  3 dart slugs
  A leopard gecko (D:1)
  11 orcs (D:3)
  A giant cockroach (D:4)
  20 goblins
  12 hobgoblins
  3 jackals (D:3)
  7 kobolds
  A quokka (D:3)
  4 ball pythons
  8 bats
  5 frilled lizards
  A leopard gecko skeleton (D:4)
  6 rats
103 creatures vanquished.

Notes
Turn   | Place    | Note
-------+----------+-------------------------------------------
     0 | D:1      | Ordine the Tengu Fighter began the quest for the Orb.
     0 | D:1      | Reached XP level 1. HP: 14/14 MP: 2/2
    67 | D:1      | Reached XP level 2. HP: 17/19 MP: 3/3
    94 | D:1      | Reached skill level 3 in Long Blades
   302 | D:1      | Reached XP level 3. HP: 22/23 MP: 4/4
   717 | D:2      | Noticed Robin
   719 | D:2      | Reached skill level 4 in Long Blades
   760 | D:2      | Killed Robin
   765 | D:2      | Reached XP level 4. HP: 7/28 MP: 5/5
  1093 | D:2      | Found a faded altar of an unknown god.
  1248 | D:2      | Noticed Natasha
  1258 | D:2      | Killed Natasha
  1258 | D:2      | Reached skill level 5 in Long Blades
  1715 | D:2      | Gained mutation: You can fly. [Tengu growth]
  1715 | D:2      | Reached XP level 5. HP: 31/32 MP: 6/6
  2560 | D:3      | Found an opulent altar of Gozag.
  2585 | D:3      | Became a worshipper of Gozag Ym Sagoz the Greedy
  2602 | D:3      | Reached skill level 13 in Long Blades
  2602 | D:3      | Reached XP level 6. HP: 37/37 MP: 7/7
  2796 | D:3      | Noticed Jessica
  2805 | D:3      | Killed Jessica
  3318 | D:4      | Reached XP level 7. HP: 40/41 MP: 8/8
  3339 | D:4      | Reached skill level 14 in Long Blades
  3778 | D:4      | Mangled by an ogre

Vault maps used:
D:1:      dpeg_arrival_arbitrary_a, minmay_cupped
D:2:      chequers_ecumenical_altar_simple_redux, uniq_robin, uniq_natasha
D:3:      minmay_wonky_spiral, nicolae_gozag_cash_rules_everything_around_me,
          kennysheep_jessica_study
D:4:      first_bread, serial_curves, eino_curves_01, eino_curves_01

Skill      XL: |  1  2  3  4  5  6  7 |
---------------+----------------------+-----
Long Blades    | 3 4 5 13 14 | 14.0
Fighting       | |  3.0
Armour         | |  3.4
Dodging        | |  0.9
Shields        | |  3.1

Action                   |  1- 3 |  4- 6 |  7- 9 || total
-------------------------+-------+-------+-------++-------
Melee: Long sword        |    64 |   173 |    34 ||   271
       Kick              |    14 |    41 |    15 ||    70
       Peck              |     6 |    31 |     9 ||    46
 Abil: Fly               |       |       |     1 ||     1
  Use: Scroll            |     4 |    10 |     2 ||    16
       Potion            |     1 |     1 |       ||     2
 Stab: Distracted        |       |     1 |       ||     1
  Eat: Chunk             |       |     6 |       ||     6
       Bread ration      |       |     1 |       ||     1
Armor: Scale mail        |    17 |    48 |     2 ||    67
Dodge: Dodged            |     8 |    45 |     9 ||    62
Block: Shield            |    29 |    82 |     8 ||   119
       Rpst.: Long sword |     3 |    10 |     4 ||    17
